 Dungeon Sprint DCSS version 0.28-a0-863-g8cecda6153 (webtiles) character file.

Game seed: 7860706636054571153

3600 SmokeWeed the Fencer (level 9, -3/89 HPs)
             Began as a Minotaur Gladiator on Nov 18, 2021.
             Was a High Priest of Okawaru.
             Slain by a skeletal warrior (13 damage)
             ... in the Dungeon (Sprint IX: "|||||||||||||||||||||||||||||").
             The game lasted 00:05:40 (261 turns).

SmokeWeed the Fencer (Minotaur Gladiator)            Turns: 261, Time: 00:05:40

Health: -3/89      AC: 14    Str: 22    XL:     9   Next: 85%
Magic:  5/8        EV: 13    Int:  5    God:    Okawaru [*****.]
Gold:   0          SH:  0    Dex: 15    Spells: 8/8 levels left

rFire   . . .      SeeInvis .   n - +2 scimitar (flame)
rCold   . . .      Faith    .   (no shield)
rNeg    . . .      Spirit   .   s - +0 plate armour
rPois   .          Reflect  .   c - +0 hat
rElec   .          Harm     .   o - +0 cloak
rCorr   .          Rampage  .   (no gloves)
Will    .....      NoTele   +   (no boots)
Stlth   ..........              (no amulet)
HPRegen 0.24/turn               q - +3 ring of dexterity
MPRegen 0.11/turn               r - +2 ring of evasion

@: no status effects
A: horns 2, retaliatory headbutt
a: Renounce Religion, Heroism, Finesse


You were in the Dungeon.
You worshipped Okawaru.
Okawaru was extremely pleased with you.
You visited 1 branch

Inventory:

Hand Weapons
 a - a +0 long sword
 n - a +2 scimitar of flaming (weapon)
Missiles
 b - 3 javelins
 d - 2 throwing nets (quivered)
 i - a curare-tipped dart
Armour
 c - a +0 hat (worn)
 o - a +0 cloak (worn)
 s - a +0 plate armour (worn)
Jewellery
 q - a +3 ring of dexterity (left hand)
 r - a +2 ring of evasion (right hand)
Wands
 m - a wand of iceblast (10)
Scrolls
 j - 2 scrolls of blinking
 l - 2 scrolls of amnesia
Potions
 e - 5 potions of curing
 f - a potion of heal wounds
 g - a potion of haste
 h - 4 potions of magic
 k - a potion of invisibility


   Skills:
 + Level 11.0 Fighting
 + Level 17.7 Long Blades
 + Level 6.9 Throwing
 + Level 6.2 Armour
 + Level 13.0 Dodging
 + Level 4.8 Stealth
 + Level 0.2 Invocations


You had 8 spell levels left.
You didn't know any spells.
Your spell library was empty.

Dungeon Overview and Level Annotations

Branches:
Dungeon (1/1)

Altars:
Cheibriados
Dithmenos
Elyvilon
Fedhas
Gozag
Hepliaklqana
Kikubaaqudgha
Makhleb
Nemelex Xobeh
Okawaru
Qazlal
Ru
Sif Muna
Trog
Uskayaw
Vehumet
Wu Jian
Xom
Yredelemnul
Zin
The Shining One
Beogh
Jiyva
Lugonu


Innate Abilities, Weirdness & Mutations

You have a pair of horns on your head.
You reflexively headbutt those who attack you in melee.


Message History

The death knight is heavily wounded.
You closely miss the death knight.
The death knight is heavily wounded.
The death knight hits you with a +1 great mace.
Okay, then.
You slice the death knight!! You burn the death knight!
You headbutt the death knight.
The death knight is almost dead.
The death knight mumbles some strange prayers to Yredelemnul against you.
Your body is wracked with pain!
* * * LOW HITPOINT WARNING * * *
You feel much better.
The death knight hits you with a +1 great mace!!
* * * LOW HITPOINT WARNING * * *
You hit the death knight. You burn the death knight.
You kill the death knight!
Okawaru is honoured by your kill. Okawaru grants you a weapon!
Something appears at your feet!
You see here a +2 great sword of holy wrath.
Your base Fighting skill increases to level 11!
Your base Armour skill increases to level 6!
Your base Dodging skill increases to level 13!
Press: ? - help, v - describe, . - travel, g - get item
Items here: a +2 great sword of holy wrath; 3 javelins.
The floor, spattered with blood.
Unknown command.
b - 3 javelins You barely miss the skeletal warrior.
Your headbutt misses the skeletal warrior.
The skeletal warrior hits you with a +0 mace.
* * * LOW HITPOINT WARNING * * *
You fail to use your ability.
You feel like a meek peon again.
The skeletal warrior hits you with a +0 mace!
* * * LOW HITPOINT WARNING * * *
You barely miss the skeletal warrior. You headbutt the skeletal warrior.
The skeletal warrior is lightly damaged.
The skeletal warrior hits you with a +0 mace!
You die... ▓▓▓▓▓▓▓▓▓▓▓▓▓▓▓▓▓▓▓▓▓▓▓▓ .....cz@...))[....[.)..' ▓▓▓▓▓▓▓▓▓▓▓▓▓▓▓▓▓▓▓▓▓▓▓▓

You could see a skeletal warrior and a centaur warrior.

Vanquished Creatures
  A boulder beetle (D)
  3 two-headed ogres (D)
  A death knight (D)
  A komodo dragon (D)
  An orc warrior (D)
  A black bear (D)
  An ogre (D)
  A centaur (D)
  A kobold brigand (D)
  A wight (D)
  An adder skeleton (D)
  A hobgoblin (D)
  A ball python zombie (D)
  A bat (D)
  2 frilled lizards (D)
  A jackal skeleton (D)
  A rat (D)
20 creatures vanquished.

Notes
Turn   | Place    | Note
-------+----------+-------------------------------------------
     0 | D        | SmokeWeed the Minotaur Gladiator began the quest for the
                  | Orb.
     0 | D        | Reached XP level 1. HP: 18/18 MP: 0/0
     7 | D        | Reached skill level 4 in Long Blades
    73 | D        | Noticed a black bear
    73 | D        | Noticed an ogre
    82 | D        | Killed an ogre
    83 | D        | Reached skill level 7 in Long Blades
    83 | D        | Reached XP level 2. HP: 28/28 MP: 1/1
    83 | D        | Reached XP level 3. HP: 34/34 MP: 2/2
    83 | D        | Reached XP level 4. HP: 41/41 MP: 3/3
    86 | D        | Killed a black bear
    87 | D        | Reached skill level 5 in Fighting
    87 | D        | Reached skill level 9 in Long Blades
    87 | D        | Reached skill level 1 in Armour
    87 | D        | Reached skill level 1 in Stealth
    87 | D        | Reached XP level 5. HP: 48/48 MP: 4/4
   122 | D        | Found a snail-covered altar of Cheibriados.
   122 | D        | Found a shadowy altar of Dithmenos.
   122 | D        | Found a white marble altar of Elyvilon.
   122 | D        | Found a blossoming altar of Fedhas.
   122 | D        | Found an opulent altar of Gozag.
   123 | D        | Found a hazy altar of Hepliaklqana.
   124 | D        | Found a viscous altar of Jiyva.
   125 | D        | Found an ancient bone altar of Kikubaaqudgha.
   126 | D        | Found a corrupted altar of Lugonu.
   127 | D        | Found a burning altar of Makhleb.
   128 | D        | Found a sparkling altar of Nemelex Xobeh.
   129 | D        | Found an iron altar of Okawaru.
   130 | D        | Found a stormy altar of Qazlal.
   131 | D        | Found a sacrificial altar of Ru.
   132 | D        | Found a shimmering blue altar of Sif Muna.
   133 | D        | Found a bloodstained altar of Trog.
   134 | D        | Found a hide-covered altar of Uskayaw.
   135 | D        | Found a radiant altar of Vehumet.
   136 | D        | Found an ornate altar of the Wu Jian Council.
   137 | D        | Found a shimmering altar of Xom.
   139 | D        | Became a worshipper of Warmaster Okawaru
   141 | D        | Found a basalt altar of Yredelemnul.
   142 | D        | Found a glowing silver altar of Zin.
   143 | D        | Found a glowing golden altar of the Shining One.
   190 | D        | Noticed a two-headed ogre
   190 | D        | Noticed a komodo dragon
   190 | D        | Noticed a centaur
   190 | D        | Noticed an orc warrior
   194 | D        | Reached skill level 10 in Long Blades
   195 | D        | Killed an orc warrior
   195 | D        | Reached * piety under Okawaru
   196 | D        | Reached XP level 6. HP: 58/58 MP: 5/5
   198 | D        | Reached skill level 11 in Long Blades
   201 | D        | Killed a komodo dragon
   202 | D        | Reached skill level 12 in Long Blades
   202 | D        | Reached skill level 5 in Throwing
   202 | D        | Reached XP level 7. HP: 67/67 MP: 6/6
   204 | D        | Killed a two-headed ogre
   204 | D        | Reached ** piety under Okawaru
   204 | D        | Reached *** piety under Okawaru
   205 | D        | Reached skill level 14 in Long Blades
   205 | D        | Reached skill level 10 in Dodging
   205 | D        | Reached XP level 8. HP: 56/77 MP: 7/7
   229 | D        | Noticed a centaur warrior
   229 | D        | Noticed a skeletal warrior
   229 | D        | Noticed a death knight
   229 | D        | Noticed a two-headed ogre
   229 | D        | Noticed a two-headed ogre
   229 | D        | Noticed a boulder beetle
   239 | D        | Killed a boulder beetle
   239 | D        | Reached **** piety under Okawaru
   240 | D        | Reached skill level 15 in Long Blades
   242 | D        | Killed a two-headed ogre
   242 | D        | Reached ***** piety under Okawaru
   242 | D        | Received a gift from Okawaru
   243 | D        | Reached skill level 10 in Fighting
   243 | D        | Reached skill level 16 in Long Blades
   243 | D        | Reached skill level 5 in Armour
   243 | D        | Reached XP level 9. HP: 43/85 MP: 5/8
   244 | D        | Killed a two-headed ogre
   245 | D        | Reached skill level 17 in Long Blades
   257 | D        | Killed a death knight
   257 | D        | Received a gift from Okawaru
   261 | D        | Slain by a skeletal warrior

Illustrated notes

Levels and vault maps discovered:
D:        linesprint [early_d, line_temple, items_1, d_10, items_2, lair_1,
          lair_end, items_3, orc_1, orc_end, items_4, d_15, swamp_1, shoals_1,
          snake_1, spider_1, d_20, vaults_1, items_5, swamp_end, shoals_end,
          snake_end, spider_end, vaults_end, d_27, items_6, zot_1, zot_end,
          crypt_end, forest_end, elf_end, slime_end, tomb_end, abyss_end,
          pan_hell_end]

Skill      XL: |  1  2  3  4  5  6  7  8  9 |
---------------+----------------------------+-----
Long Blades    | 7 9 10 12 14 16 17 | 17.7
Fighting       | 4 5 6 7 8 10 11 | 11.0
Throwing       | 3 4 5 6 |  6.9
Dodging        | 6 7 8 9 10 12 13 | 13.0
Armour         | 1 2 3 5 6 |  6.2
Stealth        | 1 2 3 4 |  4.8
Invocations    | |  0.2

Action                   |  1- 3 |  4- 6 |  7- 9 || total
-------------------------+-------+-------+-------++-------
Melee: Long sword        |    13 |    11 |       ||    24
       Headbutt          |     2 |     3 |     7 ||    12
       Scimitar          |       |     8 |    29 ||    37
Throw: Throwing net      |     1 |     1 |       ||     2
Invok: Heroism           |       |       |     2 ||     2
  Use: Potion            |       |     1 |     2 ||     3
 Stab: Held in net/web   |     1 |     1 |       ||     2
Armor: Scale mail        |       |     2 |       ||     2
Dodge: Dodged            |     5 |     8 |     9 ||    22

Table legend: (Time is in decaauts)
 A = Elapsed time spent in this place.
 B = Non-inter-level travel time spent in this place.
 C = Inter-level travel time spent in this place.
 D = Time resting spent in this place.
 E = Time spent auto-exploring this place.
 F = Levels seen in this place.
 G = Mean time per level.
                   A        B        C        D        E       F      G
               +--------+--------+--------+--------+--------+-----+--------+
         Total |    260 |    260 |      0 |     72 |      3 |   1 |  260.0 |
       Dungeon |    260 |    260 |      0 |     72 |      3 |   1 |  260.0 |
               +--------+--------+--------+--------+--------+-----+--------+

Top non-repeatable levels by time:
       D: 260 daAuts
